AoeStats
← [zWq]Ferdinand Von Lindemann

Arabia

508704460Analyzed
1v1 RM · 8d ago on Sep 23, 2026· 34m 48s· 2 players
Game mode
Random Map
Map size
Tiny (2 player)
Population
200
Speed
Normal
Resources
Standard
Victory
Conquest
Starting age
Dark Age
Ending age
Imperial Age
RankedLock teamsTeams togetherTeam positionsShared explorationLock speedFull tech treeHidden civsTurbo modeCheats
Victory
Defeat
1321
+16
🇷🇺 Varangians · Russia
1321
-16
alex
6:15 Loom
9:26 Feudal Age
9:56 Double-Bit Axe
12:08 Bloodlines
15:29 Fletching
21:57 Castle Age
19:51 Gold Mining
19:53 Horse Collar
20:40 Scale Mail Armor
20:52 Forging
22:45 Squires
23:31 Wheelbarrow
23:24 Bow Saw
23:22 Gambesons
25:14 Chain Mail Armor
25:49 Arson
31:14 Pikeman
35:00 Hand Cart
[zWq]Ferdinand Von Lindemann
7:31 Loom
9:33 Feudal Age
10:20 Double-Bit Axe
11:52 Horse Collar
14:18 Fletching
16:29 Wheelbarrow
20:08 Castle Age
19:11 Bloodlines
19:37 Scale Barding Armor
21:05 Bow Saw
21:27 Gold Mining
24:16 Heavy Plow
25:55 Forging
29:48 Husbandry
30:57 Iron Casting
31:49 Chain Barding Armor
Connection lost

Rejoining the realm…

Still unreachable

The connection could not be restored.

Session expired

The server has moved on; the page needs a fresh start.